[Event "8th Palmanova Open 2019"]
[Site "Palmanova"]
[Date "2019.12.06"]
[Round "1.1"]
[White "Kobal, Sasa"]
[Black "Savanovic, Aleksandar"]
[Result "1-0"]
[ECO "D30"]
[WhiteElo "2100"]
[BlackElo "2420"]
[Annotator "NA"]
[PlyCount "33"]
[EventDate "2019.12.06"]
[EventType "swiss"]
[EventCountry "ITA"]
[SourceTitle "playchess.com"]
[Source "ChessBase"]
[SourceQuality "1"]
[TimeControl "5400+30"]

1. d4 f5 2. Nf3 Nf6 3. b3 e6 4. Bb2 d5 5. Nbd2 Bd6 6. e3 O-O 7. c4 c6 8. Bd3 Ne4 9. O-O Nd7 10. Ne5 Qf6 11. f4 g5 12. Bxe4 fxe4 13. Qh5 Be7 14. fxg5 Qxg5 15. Rxf8+ Nxf8 16. Qf7+ Kh8 17. Qxf8+ 1-0

[Event "8th Palmanova Open 2019"]
[Site "Palmanova"]
[Date "2019.12.06"]
[Round "1.3"]
[White "Gregoric, Andraz"]
[Black "Lekic, Dusan"]
[Result "0-1"]
[ECO "C77"]
[WhiteElo "2036"]
[BlackElo "2347"]
[Annotator "RC"]
[PlyCount "140"]
[EventDate "2019.12.06"]
[EventType "swiss"]
[EventCountry "ITA"]
[SourceTitle "playchess.com"]
[Source "ChessBase"]
[SourceQuality "1"]
[TimeControl "5400+30"]

1. e4 e5 2. Nf3 Nc6 3. Bb5 a6 4. Ba4 Nf6 5. d3 d6 6. h3 b5 7. Bb3 Na5 8. O-O Be7 9. Nc3 Bb7 10. Ne2 O-O 11. Ng3 c5 12. c3 Nxb3 13. axb3 Re8 14. c4 Bf8 15. Bg5 h6 16. Be3 bxc4 17. bxc4 Bc8 18. Qd2 Rb8 19. Rfb1 Re7 20. Nh4 Reb7 21. Nhf5 Rb3 22. Qc2 Kh7 23. Bd2 Ne8 24. Ne3 g6 25. Ra3 Qb6 26. Ba5 Qb7 27. Rxb3 Qxb3 28. Qxb3 Rxb3 29. Bc3 Nc7 30. Kf1 Ne6 31. Nd5 Nf4 32. Nxf4 exf4 33. Ne2 f3 34. Nf4 fxg2+ 35. Kxg2 Bb7 36. Kf1 Bg7 37. Bxg7 Kxg7 38. Ke2 g5 39. Ng2 f5 40. f3 Bc8 41. h4 fxe4 42. fxe4 Bh3 43. Ne3 gxh4 44. Kd2 Be6 45. Kc2 Rb8 46. Ng2 h3 47. Nf4 Kf6 48. Nxe6 Kxe6 49. Rh1 h5 50. Rxh3 Rh8 51. Kc3 h4 52. d4 a5 53. Kd3 cxd4 54. Kxd4 Rh5 55. Ke3 Ke5 56. b3 Rh7 57. Rh2 h3 58. Kf3 Kd4 59. Kf4 Rh8 60. Kf5 Kc3 61. Ke6 Rh6+ 62. Kd5 Kxb3 63. c5 dxc5 64. Kxc5 a4 65. e5 a3 66. e6 a2 67. Rh1 h2 68. e7 Re6 69. Kb5 Rxe7 70. Rxh2 Re5+ 0-1

[Event "8th Palmanova Open 2019"]
[Site "Palmanova"]
[Date "2019.12.06"]
[Round "1.4"]
[White "Beletic, Daniel"]
[Black "Herega, Nejc"]
[Result "1-0"]
[ECO "D02"]
[WhiteElo "2302"]
[BlackElo "2009"]
[Annotator "NA"]
[PlyCount "81"]
[EventDate "2019.12.06"]
[EventType "swiss"]
[EventCountry "ITA"]
[SourceTitle "playchess.com"]
[Source "ChessBase"]
[SourceQuality "1"]
[TimeControl "5400+30"]

1. d4 Nf6 2. Nf3 e6 3. Bf4 d5 4. Nbd2 Bd6 5. Bg3 O-O 6. e3 b6 7. Bd3 Ba6 8. Bxa6 Nxa6 9. Qe2 Nb4 10. O-O c5 11. c3 Nc6 12. Rad1 Bxg3 13. hxg3 Qc7 14. Rfe1 Rad8 15. Qb5 a6 16. Qxa6 Ra8 17. Qb5 c4 18. Ne5 Nxe5 19. dxe5 Ra5 20. Qb4 Nd7 21. Qe7 Rxa2 22. e4 Qd8 23. Qd6 Nc5 24. Qxd8 Rxd8 25. Nxc4 b5 26. Nd6 Rxb2 27. exd5 Kf8 28. dxe6 fxe6 29. Rb1 Rxb1 30. Rxb1 Nd3 31. f4 g5 32. Nxb5 gxf4 33. gxf4 Ke7 34. Nd4 Rd7 35. g3 Rc7 36. Rb6 Rxc3 37. Rb7+ Ke8 38. Nxe6 Nc1 39. Ng7+ Kf8 40. Nf5 Rc5 41. Rxh7 1-0

[Event "8th Palmanova Open 2019"]
[Site "Palmanova"]
[Date "2019.12.06"]
[Round "1.6"]
[White "Dappiano, Andrea"]
[Black "Bozza, Gabriele"]
[Result "1/2-1/2"]
[ECO "C30"]
[WhiteElo "2258"]
[BlackElo "1948"]
[Annotator "NA"]
[PlyCount "60"]
[EventDate "2019.12.06"]
[EventType "swiss"]
[EventCountry "ITA"]
[SourceTitle "playchess.com"]
[Source "ChessBase"]
[SourceQuality "1"]
[TimeControl "5400+30"]

1. e4 e5 2. Bc4 Nf6 3. d3 Nc6 4. Nc3 Bc5 5. f4 d6 6. Nf3 Ng4 7. Qe2 exf4 8. Bxf4 Nge5 9. Nxe5 Nxe5 10. Bxe5 dxe5 11. Qh5 O-O 12. Qxe5 Bd4 13. Qg3 c6 14. Nd1 b5 15. Bb3 a5 16. c3 a4 17. Bc2 Qa5 18. Ke2 Ba7 19. Ne3 b4 20. c4 Bd4 21. Rab1 b3 22. axb3 axb3 23. Bxb3 Rb8 24. Bc2 Rxb2 25. Rxb2 Bxb2 26. Rb1 Bd4 27. Bb3 Qh5+ 28. Kd2 Qa5+ 29. Ke2 Qh5+ 30. Kd2 Qa5+ 1/2-1/2

[Event "8th Palmanova Open 2019"]
[Site "Palmanova"]
[Date "2019.12.06"]
[Round "1.7"]
[White "Bordin, Silvia"]
[Black "Margl, Roland"]
[Result "0-1"]
[ECO "B12"]
[WhiteElo "1905"]
[BlackElo "2249"]
[Annotator "NA"]
[PlyCount "54"]
[EventDate "2019.12.06"]
[EventType "swiss"]
[EventCountry "ITA"]
[SourceTitle "playchess.com"]
[Source "ChessBase"]
[SourceQuality "1"]
[TimeControl "5400+30"]

1. e4 c6 2. d4 d5 3. e5 Bf5 4. h4 h5 5. c4 e6 6. Nc3 Ne7 7. cxd5 Nxd5 8. Nge2 Be7 9. Nxd5 cxd5 10. Ng3 Bg6 11. Be2 Nc6 12. Nxh5 Bxh5 13. Bxh5 g6 14. Be2 Rxh4 15. Rxh4 Bb4+ 16. Bd2 Qxh4 17. Bxb4 Nxb4 18. Qa4+ Nc6 19. Bb5 Kf8 20. Rd1 Rc8 21. Rc1 Qe4+ 22. Kf1 Kg7 23. Bxc6 Rh8 24. Kg1 Qh4 25. Kf1 Qh1+ 26. Ke2 Qxc1 27. Be8 Qxb2+ 0-1

[Event "8th Palmanova Open 2019"]
[Site "Palmanova"]
[Date "2019.12.06"]
[Round "1.9"]
[White "Bisaro, Andrea"]
[Black "Ghersinich, Enrico"]
[Result "0-1"]
[ECO "A58"]
[WhiteElo "1845"]
[BlackElo "2157"]
[Annotator "NA"]
[PlyCount "84"]
[EventDate "2019.12.06"]
[EventType "swiss"]
[EventCountry "ITA"]
[SourceTitle "playchess.com"]
[Source "ChessBase"]
[SourceQuality "1"]
[TimeControl "5400+30"]

1. d4 Nf6 2. c4 c5 3. d5 b5 4. cxb5 a6 5. bxa6 g6 6. Nc3 Bg7 7. e4 O-O 8. Nf3 Qa5 9. Bd3 Nxd5 10. exd5 Bxc3+ 11. Bd2 Bxd2+ 12. Qxd2 Qxd2+ 13. Kxd2 Bxa6 14. Rhe1 Re8 15. d6 Nc6 16. Bxa6 Rxa6 17. dxe7 f6 18. Kc3 Nxe7 19. Kc4 Kf7 20. a3 Rb8 21. Re2 d5+ 22. Kxc5 Rc6+ 23. Kd4 Rb3 24. Rxe7+ Kxe7 25. Kxd5 Rd6+ 26. Kc5 Rxb2 27. Nd4 Rxf2 28. a4 Rxg2 29. Nb5 Rc2+ 30. Kb4 Rdd2 31. Nc3 Rxh2 32. a5 Rb2+ 33. Kc5 Rhc2 34. Kd4 Rd2+ 35. Kc4 Rd8 36. a6 Rc8+ 37. Kd4 Rb4+ 38. Kd3 Rb3 39. Rc1 Ra3 40. a7 Kf7 41. Kd4 Rxa7 42. Rh1 Rd7+ 0-1

[Event "8th Palmanova Open 2019"]
[Site "Palmanova"]
[Date "2019.12.06"]
[Round "1.10"]
[White "Belli, Giorgio"]
[Black "Maione, Melissa"]
[Result "1-0"]
[ECO "B78"]
[WhiteElo "2136"]
[BlackElo "1836"]
[Annotator "NA"]
[PlyCount "117"]
[EventDate "2019.12.06"]
[EventType "swiss"]
[EventCountry "ITA"]
[SourceTitle "playchess.com"]
[Source "ChessBase"]
[SourceQuality "1"]
[TimeControl "5400+30"]

1. e4 c5 2. Nf3 d6 3. d4 cxd4 4. Nxd4 Nf6 5. Nc3 g6 6. Be3 Bg7 7. f3 O-O 8. Qd2 Nc6 9. Bc4 Bd7 10. O-O-O Rc8 11. Bb3 Nxd4 12. Bxd4 a5 13. a3 b5 14. Nd5 Nxd5 15. Bxg7 Kxg7 16. exd5 Bf5 17. g4 a4 18. Bxa4 bxa4 19. gxf5 Qd7 20. fxg6 fxg6 21. Qd4+ Kg8 22. Qe4 Rf5 23. Rhe1 Re5 24. Qg4 Rf5 25. Re6 Kf7 26. Rde1 Re8 27. Qh3 Kg7 28. Qh4 Rf7 29. Qg4 Qb5 30. Qd4+ Kg8 31. h4 Rf5 32. Rxe7 Rxe7 33. Rxe7 Qf1+ 34. Qd1 Qxd1+ 35. Kxd1 Rxd5+ 36. Kc1 h6 37. Re4 Ra5 38. Re6 Kf7 39. Rxd6 h5 40. Kd2 g5 41. hxg5 Rxg5 42. Ra6 h4 43. Rh6 Rg2+ 44. Kc3 Rh2 45. Ra6 Rf2 46. Rxa4 h3 47. Rh4 h2 48. b4 Rxf3+ 49. Kc4 Rf2 50. c3 Kg6 51. Rh8 Kg7 52. Rh3 Kf6 53. b5 Ke6 54. a4 Kd6 55. Rh6+ Kc7 56. a5 Rf4+ 57. Kc5 Rf5+ 58. Kb4 Rf4+ 59. c4 1-0

[Event "8th Palmanova Open 2019"]
[Site "Palmanova"]
[Date "2019.12.07"]
[Round "2.1"]
[White "Lekic, Dusan"]
[Black "Lumachi, Gabriele"]
[Result "1/2-1/2"]
[ECO "D06"]
[WhiteElo "2347"]
[BlackElo "2241"]
[Annotator "ChessBase"]
[PlyCount "25"]
[EventDate "2019.12.06"]
[EventType "swiss"]
[EventCountry "ITA"]
[SourceTitle "playchess.com"]
[Source "ChessBase"]
[SourceQuality "1"]
[TimeControl "5400+30"]

1. d4 d5 2. c4 c5 3. cxd5 Qxd5 4. Nf3 cxd4 5. Nc3 Qa5 6. Nxd4 Nf6 7. Bd2 e5 8. Ndb5 Qb6 9. Be3 Bc5 10. Bxc5 Qxc5 11. b4 Qb6 12. e3 O-O 13. Bc4 1/2-1/2

[Event "8th Palmanova Open 2019"]
[Site "Palmanova"]
[Date "2019.12.07"]
[Round "2.2"]
[White "Ghersinich, Enrico"]
[Black "Beletic, Daniel"]
[Result "1-0"]
[ECO "B18"]
[WhiteElo "2157"]
[BlackElo "2302"]
[Annotator "NA"]
[PlyCount "81"]
[EventDate "2019.12.06"]
[EventType "swiss"]
[EventCountry "ITA"]
[SourceTitle "playchess.com"]
[Source "ChessBase"]
[SourceQuality "1"]
[TimeControl "5400+30"]

1. e4 c6 2. d4 d5 3. Nc3 dxe4 4. Nxe4 Bf5 5. Ng3 Bg6 6. h4 h6 7. Nh3 e6 8. Nf4 Bh7 9. Bc4 Nf6 10. Qe2 Nd5 {[%emt 0:04:30] B18: Classical Caro-Kann: 4...Bf5 sidelines} (10... Qxd4 $17 11. c3 Qd6) (10... Bd6 11. Ngh5 O-O 12. g4 Bxf4 13. Nxf4 Qxd4 14. c3 Qe4 15. f3 Qxe2+ 16. Kxe2 Nd5 17. g5 hxg5 18. hxg5 Nd7 19. Bd2 {0-1 (38) Savenkov,K (2369)-Iljiushenok,I (2533) Moscow 2019}) 11. Bxd5 cxd5 12. c3 $146 ({Predecessor:} 12. O-O Be7 13. Qg4 g5 14. Nfh5 Nc6 15. f4 Qb6 16. Ng7+ Kf8 17. c3 Kxg7 18. fxg5 Rhg8 19. Qh5 Raf8 20. Rf6 Qd8 21. Qxh6+ Kh8 22. Qxh7+ {1-0 (22) Fernandez Losada,D (2142)-Cacheiro Martinez,M (1993) Mondariz 2006}) 12... Nc6 13. Qg4 g6 14. O-O Qd7 15. Re1 O-O-O 16. b4 Be7 17. Nd3 g5 18. Nc5 Bxc5 19. bxc5 f5 20. Qe2 f4 21. Nh5 Bf5 22. a4 Qf7 23. g4 {[%emt 0:04:58] [#]} fxg3 ({Black should try} 23... Rhe8 $1 $19 24. hxg5 hxg5) 24. Nxg3 Rde8 25. h5 (25. Qf3 $17) 25... Rhf8 26. Ra2 e5 27. Qf3 e4 28. Qxf5+ Qxf5 29. Nxf5 Rxf5 30. Rae2 Ref8 31. Be3 Rf3 32. c4 dxc4 33. Rc1 Nb4 34. Rxc4 Nd5 35. Bd2 Rd3 36. Be1 $2 (36. c6 $17) 36... Rf4 $19 37. Bd2 Rg4+ 38. Kh2 Rh4+ 39. Kg2 Nf4+ 40. Bxf4 gxf4 41. Rec2 1-0

[Event "8th Palmanova Open 2019"]
[Site "Palmanova"]
[Date "2019.12.07"]
[Round "2.3"]
[White "Trussevich, Sergey"]
[Black "Belli, Giorgio"]
[Result "1/2-1/2"]
[ECO "A13"]
[WhiteElo "2280"]
[BlackElo "2136"]
[Annotator "NA"]
[PlyCount "135"]
[EventDate "2019.12.06"]
[EventType "swiss"]
[EventCountry "ITA"]
[SourceTitle "playchess.com"]
[Source "ChessBase"]
[SourceQuality "1"]
[TimeControl "5400+30"]

1. Nf3 Nf6 2. e3 b6 3. b3 Bb7 4. Bb2 e6 5. Be2 Be7 6. c4 c5 {[%emt 0:02:39] A13: English Opening: 1...e6} 7. a3 (7. d4 cxd4 8. Nxd4 O-O 9. O-O d6 10. Bf3 Qc8 11. Nc3 Nbd7 12. Qe2 a6 13. Rad1 Rd8 14. Bxb7 Qxb7 15. e4 Rac8 16. f4 Nc5 17. Rfe1 {½-½ (52) Grischuk,A (2772)-Yu,Y (2751) Huaian 2017}) 7... Nc6 8. d3 d5 9. O-O O-O 10. cxd5 Nxd5 11. Qc2 Rc8 12. Nbd2 Bf6 13. Rab1 $146 ({Predecessor:} 13. Ne4 Bxb2 14. Qxb2 Qe7 15. Rfd1 f5 {½-½ (71) Perdomo,C (2301)-Drygalov,A (2481) St Petersburg 2018}) 13... Qe7 14. Bxf6 Qxf6 15. Rfc1 Rfd8 16. Nc4 h6 17. h3 Rc7 18. Bf1 e5 19. Rb2 Bc8 20. Be2 Re7 21. Ncd2 Rc7 22. Qb1 g5 23. b4 cxb4 24. axb4 Re7 (24... a6 $142) 25. b5 Na5 26. Rbc2 Bf5 27. Ne4 Qg7 28. Ng3 Bg6 29. Bf1 Nb7 30. Rc8 $16 Rxc8 31. Rxc8+ Kh7 32. Qa2 Rd7 33. Qxa7 f6 34. Qb8 Nd6 35. Rd8 Rxd8 36. Qxd8 Qc7 37. Qa8 Nc3 38. Qf8 Ne8 39. d4 e4 40. Nd2 Qd6 41. Qxd6 Nxd6 42. Nc4 Nc8 43. Na3 Be8 44. f3 exf3 45. gxf3 Nd6 46. Bd3+ Kg7 47. Ne4 Ndxb5 48. Nc4 Nxe4 49. fxe4 Nc3 50. Nxb6 Bg6 51. Bc4 Nxe4 52. Kg2 Nd6 53. Be2 Kf7 54. Na4 Ke7 55. Nc5 Ne4 56. Nb3 Bf7 57. Nc1 Bd5 58. Bf3 f5 59. Ne2 Kd6 60. Bxe4 Bxe4+ 61. Kg3 Bd5 62. h4 Bc4 63. Nc3 Bd3 64. Nd1 Kd5 65. hxg5 hxg5 66. Kf2 f4 67. exf4 gxf4 68. Kf3 {[%emt 0:01:03] Ke5 Ke4+} 1/2-1/2

[Event "8th Palmanova Open 2019"]
[Site "Palmanova"]
[Date "2019.12.07"]
[Round "2.4"]
[White "Margl, Roland"]
[Black "Garau, Francesca"]
[Result "1-0"]
[ECO "E06"]
[WhiteElo "2249"]
[BlackElo "1830"]
[Annotator "NA"]
[PlyCount "69"]
[EventDate "2019.12.06"]
[EventType "swiss"]
[EventCountry "ITA"]
[SourceTitle "playchess.com"]
[Source "ChessBase"]
[SourceQuality "1"]
[TimeControl "5400+30"]

1. Nf3 d5 2. d4 e6 3. c4 c5 4. cxd5 exd5 5. g3 Nc6 6. Bg2 Nf6 7. O-O Be7 8. Nc3 O-O 9. dxc5 Bxc5 10. a3 a5 11. Bg5 d4 {[%emt 0:03:00] E06: Closed Catalan: Early deviations} 12. Ne4 Be7 13. Nxf6+ Bxf6 14. Bxf6 Qxf6 {[%emt 0:00:20] [#]} 15. Ne1 $146 ({Predecessor:} 15. Rc1 Be6 16. Ne1 Rad8 17. Nd3 Rfe8 18. Re1 Bg4 19. Qd2 {1-0 (47) Laxman,R (2502)-Salem,A (2469) Abu Dhabi 2009}) 15... Bf5 16. Rc1 Rab8 17. Nd3 Rfc8 18. Qb3 b5 19. Rc5 Be6 20. Bd5 a4 21. Qa2 Na5 22. Rfc1 Nc4 23. Bg2 Qe7 24. Rxc8+ Rxc8 $15 25. Nf4 h6 26. Qb1 Qd7 27. Rd1 Bf5 28. Be4 Bxe4 29. Qxe4 Rd8 30. e3 Qa7 31. Nd5 Kf8 32. Rxd4 Nxb2 33. Qh7 Rxd5 34. Rxd5 Qb7 35. Qh8+ 1-0

[Event "8th Palmanova Open 2019"]
[Site "Palmanova"]
[Date "2019.12.07"]
[Round "2.5"]
[White "Savanovic, Maksim"]
[Black "Kobal, Sasa"]
[Result "0-1"]
[ECO "D00"]
[WhiteElo "2062"]
[BlackElo "2100"]
[Annotator "NA"]
[PlyCount "94"]
[EventDate "2019.12.06"]
[EventType "swiss"]
[EventCountry "ITA"]
[SourceTitle "playchess.com"]
[Source "ChessBase"]
[SourceQuality "1"]
[TimeControl "5400+30"]

1. d4 d5 2. Bf4 c5 3. e3 Nc6 4. c3 Qb6 5. Qb3 c4 6. Qc2 Nf6 7. Nd2 Bg4 8. Ngf3 e6 9. Be2 Bf5 10. Qc1 Be7 11. h3 h6 12. O-O O-O 13. b3 cxb3 14. axb3 Na5 $16 (14... a5 $11) 15. Qb2 Rfc8 16. Qa2 Nc6 17. Rfc1 a5 18. Ne5 Nxe5 19. Bxe5 Nd7 20. Bg3 Bd6 21. Bxd6 Qxd6 22. c4 Qb4 23. Nf3 dxc4 24. bxc4 a4 25. Nd2 Nf6 26. Bf3 Rab8 27. e4 Bg6 28. Rab1 Qd6 29. Qxa4 Qxd4 30. Rd1 e5 31. Qb3 Nh5 32. Bxh5 Bxh5 33. g4 Bg6 34. Qf3 Rc6 35. Rb5 Rd8 36. Rd5 Rxd5 37. cxd5 Rc3 38. Qe2 Rd3 39. Kg2 Bxe4+ 40. f3 Bxd5 41. Kh2 Qf4+ 42. Kg2 Re3 43. Qf2 e4 44. Nxe4 Bxe4 45. Rf1 Bxf3+ 46. Kg1 Re2 47. Qxe2 Qg3+ 0-1

[Event "8th Palmanova Open 2019"]
[Site "Palmanova"]
[Date "2019.12.07"]
[Round "2.6"]
[White "Bozza, Gabriele"]
[Black "Zamengo, Fulvio"]
[Result "0-1"]
[ECO "D93"]
[WhiteElo "1948"]
[BlackElo "2357"]
[Annotator "NA"]
[PlyCount "95"]
[EventDate "2019.12.06"]
[EventType "swiss"]
[EventCountry "ITA"]
[SourceTitle "playchess.com"]
[Source "ChessBase"]
[SourceQuality "1"]
[TimeControl "5400+30"]

1. d4 Nf6 2. c4 g6 3. Nc3 d5 4. Nf3 Bg7 5. Qb3 dxc4 6. Qxc4 a6 7. Bf4 c6 8. e3 b5 9. Qb3 O-O 10. Be2 Nbd7 11. O-O Nh5 12. Bg5 h6 13. Bh4 g5 14. Bg3 Nxg3 15. hxg3 e5 16. dxe5 Nxe5 17. Nxe5 Bxe5 18. Rfd1 Qe7 19. Bf3 Be6 20. Qc2 Rac8 21. g4 h5 22. gxh5 g4 23. Be4 {[%emt 0:05:56] [#]} (23. Be2 $17) 23... Qh4 (23... f5 $1 $17 24. Bd3 Qh4) 24. g3 $11 Qxh5 25. Ne2 f5 26. Bg2 Rf6 27. Nf4 Bxf4 28. exf4 Rh6 29. b3 Re8 30. Rd3 Bf7 31. Qd2 Bd5 32. Rxd5 cxd5 33. Bxd5+ Kh7 34. Qc2 Qg6 35. Rc1 Qf6 36. a4 bxa4 37. bxa4 Rg6 38. Kg2 Rg7 39. Rh1+ Kg6 40. Qa2 Rh7 41. Rc1 Rd8 42. Rc6 Rd6 43. Rc8 Rhd7 44. Bc6 Rxc6 45. Qg8+ Kh6 46. Rf8 Qg7 47. Rc8 Qf6 48. Qg5+ {[%emt 0:00:30] Rd8} 0-1

[Event "8th Palmanova Open 2019"]
[Site "Palmanova"]
[Date "2019.12.07"]
[Round "2.7"]
[White "Hercegovac, Neven"]
[Black "Dappiano, Andrea"]
[Result "0-1"]
[ECO "C11"]
[WhiteElo "2003"]
[BlackElo "2258"]
[Annotator "ChessBase"]
[PlyCount "62"]
[EventDate "2019.12.06"]
[EventType "swiss"]
[EventCountry "ITA"]
[SourceTitle "playchess.com"]
[Source "ChessBase"]
[SourceQuality "1"]
[TimeControl "5400+30"]

1. e4 e6 2. d4 d5 3. Nc3 Nf6 4. e5 Nfd7 5. Nf3 c5 6. dxc5 Nc6 7. Bf4 Bxc5 8. Bd3 f6 9. exf6 Nxf6 10. O-O O-O 11. Ne5 a6 12. Qe2 Nxe5 13. Bxe5 b5 14. Rae1 Ra7 15. Nb1 Raf7 16. Bg3 Re8 17. Be5 Nd7 18. Qh5 g6 19. Bxg6 Nxe5 20. Bxf7+ Nxf7 21. b4 Bb6 22. Kh1 Qg5 23. Qxg5+ Nxg5 24. Nc3 Bb7 25. h4 Ne4 26. Nxe4 dxe4 27. Rd1 Bd5 28. a4 Rc8 29. a5 Bd8 30. Rd2 Bxh4 31. g3 Be7 0-1

[Event "8th Palmanova Open 2019"]
[Site "Palmanova"]
[Date "2019.12.07"]
[Round "2.8"]
[White "Savanovic, Aleksandar"]
[Black "Bordin, Silvia"]
[Result "1-0"]
[ECO "C89"]
[WhiteElo "2420"]
[BlackElo "1905"]
[Annotator "NA"]
[PlyCount "61"]
[EventDate "2019.12.06"]
[EventType "swiss"]
[EventCountry "ITA"]
[SourceTitle "playchess.com"]
[Source "ChessBase"]
[SourceQuality "1"]
[TimeControl "5400+30"]

1. e4 e5 2. Nf3 Nc6 3. Bb5 a6 4. Ba4 Nf6 5. O-O Be7 6. Re1 b5 7. Bb3 O-O 8. c3 d5 9. exd5 Nxd5 10. Nxe5 Nxe5 11. Rxe5 c6 12. d4 Bd6 13. Re1 Qh4 14. g3 Qh3 15. Be3 Bg4 16. Qd3 $1 Rae8 17. Nd2 Re6 18. a4 Rfe8 19. Bxd5 cxd5 20. axb5 g5 21. Qf1 Qxf1+ 22. Nxf1 axb5 23. Ra5 f5 24. Rxb5 f4 25. Rxd5 h6 26. Kg2 fxe3 27. Rxe3 Be2 $2 {[%emt 0:22:12] [#]} (27... Bf8 $11 {and Black has nothing to worry.}) 28. Rxd6 $1 Bf3+ 29. Kg1 Rxd6 30. Rxe8+ Kf7 $18 31. Re3 1-0

[Event "8th Palmanova Open 2019"]
[Site "Palmanova"]
[Date "2019.12.07"]
[Round "2.9"]
[White "Forti, Francesco"]
[Black "Gregoric, Andraz"]
[Result "1-0"]
[ECO "E16"]
[WhiteElo "1903"]
[BlackElo "2036"]
[Annotator "NA"]
[PlyCount "83"]
[EventDate "2019.12.06"]
[EventType "swiss"]
[EventCountry "ITA"]
[SourceTitle "playchess.com"]
[Source "ChessBase"]
[SourceQuality "1"]
[TimeControl "5400+30"]

1. d4 Nf6 2. c4 e6 3. Nf3 Bb4+ 4. Bd2 c5 5. g3 b6 6. Bg2 Bb7 7. Bxb4 cxb4 8. O-O O-O 9. a3 bxa3 10. Rxa3 d6 11. Nc3 Qe7 12. Qd3 Rd8 $14 13. e4 Nc6 14. Rd1 a5 15. Qe2 Rac8 16. d5 Nb4 17. Nd4 Ba6 18. b3 Rc7 19. Raa1 e5 20. Nf5 Qf8 21. Rf1 Re8 22. Qd2 Nd7 23. Rab1 Nc5 24. h4 f6 25. Ne2 b5 26. cxb5 Bxb5 27. Rfc1 Bd3 28. Nc3 Rec8 29. Rb2 Nxe4 30. Bxe4 Bxe4 31. Nxe4 Rxc1+ 32. Kh2 R8c2 33. Rxc2 Rxc2 34. Qe3 Nxd5 35. Qa7 h6 36. Qxa5 Ne7 37. Nfxd6 Qb8 38. Qa6 Ng6 39. Qd3 Rc1 40. Nxf6+ gxf6 41. Qxg6+ Kh8 42. Nf7# 1-0

[Event "8th Palmanova Open 2019"]
[Site "Palmanova"]
[Date "2019.12.07"]
[Round "2.10"]
[White "Herega, Nejc"]
[Black "Bisaro, Andrea"]
[Result "0-1"]
[ECO "D11"]
[WhiteElo "2009"]
[BlackElo "1845"]
[Annotator "NA"]
[PlyCount "82"]
[EventDate "2019.12.06"]
[EventType "swiss"]
[EventCountry "ITA"]
[SourceTitle "playchess.com"]
[Source "ChessBase"]
[SourceQuality "1"]
[TimeControl "5400+30"]

1. d4 d5 2. c4 c6 3. Nf3 Nf6 4. e3 Bg4 5. Qb3 Qb6 6. Ne5 Bf5 7. Nc3 e6 8. c5 Qc7 9. Bd3 Bxd3 10. Nxd3 Nbd7 11. Qd1 e5 12. b4 Be7 13. Bd2 a6 $11 14. a4 O-O 15. O-O Rfe8 16. f3 Bf8 17. Be1 exd4 18. exd4 Nh5 19. Bf2 g6 20. Qd2 Bg7 21. b5 Nf8 22. bxc6 bxc6 23. a5 Ne6 24. Nc1 Rab8 25. Na4 Rb5 26. Nc3 Rb4 27. Nxd5 Rxd4 28. Bxd4 Bxd4+ 29. Qxd4 cxd5 30. Qxd5 Rd8 31. Qc4 Rd4 32. Qc2 Qe5 33. Qe2 Qd5 34. Re1 Nhf4 35. Qa2 Qg5 36. Nb3 Rd3 37. Rab1 Rxf3 38. Nc1 Nh3+ 39. Kh1 Rf2 40. Rb8+ Nf8 41. gxh3 Qg2# 0-1

[Event "8th Palmanova Open 2019"]
[Site "Palmanova"]
[Date "2019.12.07"]
[Round "2.11"]
[White "Maione, Melissa"]
[Black "Laco, Giuseppe"]
[Result "1/2-1/2"]
[ECO "B45"]
[WhiteElo "1836"]
[BlackElo "1972"]
[Annotator "NA"]
[PlyCount "98"]
[EventDate "2019.12.06"]
[EventType "swiss"]
[EventCountry "ITA"]
[SourceTitle "playchess.com"]
[Source "ChessBase"]
[SourceQuality "1"]
[TimeControl "5400+30"]

1. e4 c5 2. Nf3 Nc6 3. d4 cxd4 4. Nxd4 Nf6 5. Nc3 e6 6. Nxc6 bxc6 7. e5 Ng8 8. Bd3 f5 9. g4 Qa5 10. f4 g6 11. gxf5 gxf5 12. Bd2 Bb4 13. a3 Be7 $18 14. Qh5+ Kf8 15. Rg1 Rb8 16. Ne2 Qb6 17. Bc3 a5 18. Bxf5 Bc5 19. Rg2 Qd8 20. Bxh7 Qe7 21. Rxg8+ Rxg8 22. Bxg8 Kxg8 23. Qg5+ Qxg5 24. fxg5 Be3 25. h4 Kf7 26. b3 a4 27. bxa4 Ba6 28. Rd1 Ke7 29. Bd4 Bxd4 30. Nxd4 Rf8 31. g6 Rf1+ 32. Kd2 Rf4 33. Ke3 Rxh4 34. Nf3 Rxa4 35. Rd4 Rxa3+ 36. Kf4 Be2 37. Ng5 Bh5 38. g7 Ra8 39. Nh7 Bf7 40. Nf6 Rd8 41. Kg5 d6 42. exd6+ Rxd6 43. Rxd6 Kxd6 44. Kf4 Kc5 45. g8=Q Bxg8 46. Nxg8 Kd4 47. Nf6 e5+ 48. Kf5 Kc3 49. Ne4+ Kxc2 1/2-1/2

[Event "8th Palmanova Open 2019"]
[Site "Palmanova"]
[Date "2019.12.07"]
[Round "3.1"]
[White "Kobal, Sasa"]
[Black "Margl, Roland"]
[Result "1/2-1/2"]
[ECO "A03"]
[WhiteElo "2100"]
[BlackElo "2249"]
[Annotator "NA"]
[PlyCount "20"]
[EventDate "2019.12.06"]
[EventType "swiss"]
[EventCountry "ITA"]
[SourceTitle "playchess.com"]
[Source "ChessBase"]
[SourceQuality "1"]
[TimeControl "5400+30"]

1. b3 d5 2. Bb2 c5 3. e3 Nf6 4. f4 g6 5. Nf3 Bg7 6. Be2 O-O 7. O-O Nc6 8. Ne5 Qc7 9. Bf3 Be6 10. d4 cxd4 1/2-1/2

[Event "8th Palmanova Open 2019"]
[Site "Palmanova"]
[Date "2019.12.07"]
[Round "3.2"]
[White "Zamengo, Fulvio"]
[Black "Ghersinich, Enrico"]
[Result "1-0"]
[ECO "B76"]
[WhiteElo "2357"]
[BlackElo "2157"]
[Annotator "NA"]
[PlyCount "65"]
[EventDate "2019.12.06"]
[EventType "swiss"]
[EventCountry "ITA"]
[SourceTitle "playchess.com"]
[Source "ChessBase"]
[SourceQuality "1"]
[TimeControl "5400+30"]

1. e4 c5 2. Nf3 d6 3. d4 cxd4 4. Nxd4 Nf6 5. Nc3 g6 6. Be3 Bg7 7. f3 O-O 8. Qd2 Nc6 9. O-O-O d5 10. exd5 Nxd5 11. Nxc6 bxc6 12. Bd4 Bxd4 13. Qxd4 Qb6 14. Na4 Qc7 15. Bc4 Rb8 16. b3 Qa5 17. Rhe1 Nb6 18. Re5 Nd5 19. h4 Qb4 20. h5 Qa3+ 21. Nb2 Bf5 22. g4 Bxc2 23. Kxc2 Nb4+ 24. Kc1 Qxa2 25. hxg6 hxg6 26. Rxe7 Qa1+ 27. Kd2 Qa5 28. Rh1 Nd5+ 29. Ke2 f6 30. g5 Rf7 31. Rxf7 Re8+ 32. Kf2 Qb6 33. Qxb6 1-0

[Event "8th Palmanova Open 2019"]
[Site "Palmanova"]
[Date "2019.12.07"]
[Round "3.3"]
[White "Dappiano, Andrea"]
[Black "Lekic, Dusan"]
[Result "1/2-1/2"]
[ECO "C45"]
[WhiteElo "2258"]
[BlackElo "2347"]
[Annotator "NA"]
[PlyCount "56"]
[EventDate "2019.12.06"]
[EventType "swiss"]
[EventCountry "ITA"]
[SourceTitle "playchess.com"]
[Source "ChessBase"]
[SourceQuality "1"]
[TimeControl "5400+30"]

1. e4 e5 2. Nf3 Nc6 3. d4 exd4 4. Nxd4 Nf6 5. Nxc6 bxc6 6. e5 Qe7 7. Qe2 Nd5 8. c4 Nb6 9. Nc3 Qe6 10. Qe4 g6 11. f4 d5 12. exd6 cxd6 13. Be3 Bg7 14. O-O-O Bxc3 15. Qxe6+ Bxe6 16. bxc3 Nxc4 17. Bxc4 Bxc4 18. Rxd6 Bd5 19. Bc5 O-O 20. Rxd5 cxd5 21. Bxf8 Kxf8 22. Rd1 Rc8 23. Kb2 Rc5 24. Re1 Rb5+ 25. Kc2 Ra5 26. Kb3 Rb5+ 27. Kc2 Ra5 28. Kb3 Rb5+ 1/2-1/2